 Dungeon Crawl Stone Soup version 0.30.1-3-gfc49f6343a (webtiles) character file.

Game seed: 15148596180319617480

168726 cdecastro the Brawler (level 17, -2/183 HPs)
             Began as a Troll Fighter on July 19, 2023.
             Was the Champion of Jiyva.
             Slain by a naga warrior
             ... wielding a +0 glaive
              (46 damage)
             ... on level 4 of the Snake Pit on July 20, 2023.
             The game lasted 01:21:27 (29875 turns).

cdecastro the Brawler (Troll Fighter)              Turns: 29875, Time: 01:21:28

Health: -2/183     AC: 24    Str: 27    XL:     17   Next: 9%
Magic:  19/19      EV:  7    Int:  3    God:    Jiyva [******]
Gold:   2333       SH: 18    Dex: 15    Spells: 16/16 levels left

rFire   + +          +
                       - Unarmed
rCold   + + +        b - +0 kite shield
rNeg    . . .        H - +8 gold dragon scales of Restlessness {Fly rPois rF+ rC+ Dex-4 Slay+2}
rPois   +            (helmet unavailable)
rElec   .            k - scarf {rC+ rF+}
rCorr   +            (gloves unavailable)
SInv    .            (boots unavailable)
Will    ++...        K - amulet of Acviada {Reflect rC+ SH+5} Stlth
                     P - +5 ring of evasion
HPRegen 2.90/turn    T - ring of willpower
MPRegen 0.66/turn

%: reflection
@: mighty, lethally poisoned (-2 -> -2), flying, constricted, studying 2 skills
A: large, unfitting armour, claws 3, regeneration 1, shaggy fur 1, tough skin 1,
horns 3, camouflage 3, agile 1, fire resistance 1, robust 1, jelly absorbing
missiles, MP-powered wands
}: 1/15 runes: slimy
a: Renounce Religion, Oozemancy, Slimify


You were on level 4 of the Snake Pit.
You worshipped Jiyva.
Jiyva was exalted by your worship.
You visited 6 branches of the dungeon, and saw 32 of its levels.
You also visited: Sewer and Ice Cave.

You collected 2587 gold pieces.
You spent 254 gold pieces at shops.

Inventory:

Missiles
 n - 30 large rocks
 w - 7 javelins
 B - 6 curare-tipped darts
 F - 5 boomerangs (quivered)
 J - 3 silver javelins
 S - 8 atropa-tipped darts
Armour
 b - a +0 kite shield (worn)
 k - a scarf of resistance (worn)
 H - the +8 gold dragon scales of Restlessness (worn) {Fly rPois rF+ rC+ Dex-4 Slay+2}
   (You acquired it on level 13 of the Dungeon)

   Dex:       It affects your dexterity (-4).
   Slay:      It affects your accuracy & damage with ranged weapons and melee
   (+2).
   rF:        It protects you from fire.
   rC:        It protects you from cold.
   rPois:     It protects you from poison.
   Fly:       It grants you flight.
 L - a +1 hat
 U - a +1 tower shield of cold resistance
Jewellery
 o - a ring of protection from cold
 s - an amulet of faith
 t - the ring of the Hero {rC+ Str+4 Dex+5}
   (You found it on level 5 of the Pits of Slime)

   [ring of protection from cold]

   Str:       It affects your strength (+4).
   Dex:       It affects your dexterity (+5).
   rC:        It protects you from cold.
 A - a ring of see invisible
 K - the amulet of Acviada (around neck) {Reflect rC+ SH+5}
   (You acquired it on level 13 of the Dungeon)

   [amulet of reflection]

   It reflects blocked missile attacks.
   rC:        It protects you from cold.
   SH:        It affects your SH (+5).
 P - a +5 ring of evasion (left claw)
 T - a ring of willpower (right claw)
 V - a ring of willpower
 Z - a +4 ring of protection
Wands
 d - a wand of mindburst (7)
 v - a wand of paralysis (15)
 y - a wand of flame (20)
 E - a wand of light (17)
 X - a wand of roots (8)
Scrolls
 g - 6 scrolls of blinking
 h - 3 scrolls of vulnerability
 i - 4 scrolls of silence
 j - 2 scrolls of identify
 l - 4 scrolls of immolation
 u - 12 scrolls of teleportation
 G - 4 scrolls of enchant armour
 I - a scroll of fear
 O - 5 scrolls of fog
 Q - 2 scrolls of magic mapping
 W - a scroll of enchant weapon
 Y - a scroll of poison
Potions
 a - 7 potions of curing
 c - 5 potions of might
 e - 3 potions of cancellation
 f - 2 potions of berserk rage
 m - 5 potions of invisibility
 p - 3 potions of heal wounds
 q - 4 potions of resistance
 x - 3 potions of flight
 z - 4 potions of brilliance
 C - 5 potions of attraction
 D - 2 potions of mutation
 M - 3 potions of lignification
 N - a potion of haste
 R - 3 potions of magic
Miscellaneous
 r - a phial of floods


   Skills:
 - Level 10.6 Fighting
 - Level 10.1 Throwing
 - Level 5.0 Armour
 - Level 10.1 Dodging
 * Level 13.9 Shields
 + Level 19.6 Unarmed Combat
 - Level 5.0 Invocations


You had 16 spell levels left.
You didn't know any spells.
Your spell library contained the following spells:

 Spells                   Type           Power      Damage    Failure   Level
 Apportation              Tloc           0%         N/A       100%        1
 Beastly Appendage        Tmut           0%         N/A       100%        1
 Sandblast                Erth           0%         2d4       100%        1
 Shock                    Conj/Air       0%         1d3       100%        1
 Ensorcelled Hibernation  Hex/Ice        0%         N/A       100%        2
 Passwall                 Tmut/Erth      0%         N/A       100%        2
 Frozen Ramparts          Ice            0%         1d1       100%        3
 Hailstorm                Conj/Ice       0%         3d3       100%        3
 Inner Flame              Hex/Fire       0%         N/A       100%        3
 Spider Form              Tmut/Pois      0%         N/A       100%        3
 Stone Arrow              Conj/Erth      0%         3d7       100%        3
 Swiftness                Air            0%         N/A       100%        3
 Volatile Blastmotes      Fire/Tloc      0%         2d10      100%        3
 Airstrike                Air            0%         2d(0-16)  100%        4
 Anguish                  Hex/Necr       0%         N/A       100%        4
 Animate Armour           Summ/Erth      0%         N/A       100%        4
 Animate Dead             Necr           0%         N/A       100%        4
 Flame Wave               Conj/Fire      0%         2d4       100%        4
 Ice Form                 Ice/Tmut       0%         N/A       100%        4
 Iskenderun's Mystic Bla  Conj/Tloc      0%         2d3       100%        4
 Sticky Flame             Conj/Fire      0%         2d3       100%        4
 Summon Ice Beast         Ice/Summ       0%         N/A       100%        4
 Alistair's Intoxication  Tmut/Pois      0%         N/A       100%        5
 Blade Hands              Tmut           0%         N/A       100%        5
 Summon Forest            Summ/Tloc      0%         N/A       100%        5
 Eringya's Noxious Bog    Tmut/Pois      0%         N/A       100%        6
 Simulacrum               Ice/Necr       0%         N/A       100%        6
 Haunt                    Necr/Summ      0%         N/A       100%        7
 Storm Form               Tmut/Air       0%         N/A       100%        7
 Summon Hydra             Summ           0%         N/A       100%        7
 Infestation              Necr           0%         N/A       100%        8
 Lehudib's Crystal Spear  Conj/Erth      0%         10d2      100%        8


Dungeon Overview and Level Annotations

Branches:
Dungeon (15/15)            Temple (1/1) D:6            Lair (5/5) D:9
 Shoals (0/4) Lair:3        Snake (4/4) Lair:3        Slime (5/5) Lair:4
    Orc (2/2) D:10            Elf (0/3) Orc:2        Vaults (0/5) D:13
 Depths (0/4) D:15          Sewer (visited)           IceCv (visited)

Altars:
Ashenzari
Cheibriados
Dithmenos
Elyvilon
Fedhas
Gozag
Hepliaklqana
Kikubaaqudgha
Makhleb
Nemelex Xobeh
Okawaru
Qazlal
Ru
Sif Muna
Trog
Uskayaw
Vehumet
Wu Jian
Xom
Yredelemnul
Zin
The Shining One
Jiyva

Shops:
D:15 !   Orc:2 *:([   Snake:2 [?   Snake:3 *

Annotations:
Lair:3 1 runed translucent door
Lair:5 3 runed translucent doors, sheffield53's ghost, journeyman MiBe
Slime:4 exclusion: upstairs
Slime:5 exclusion: upstairs, Royal Jelly


Innate Abilities, Weirdness & Mutations

You are too large for most types of armour.
You have claws for hands.
Your natural rate of healing is unusually fast.
You are covered in fur. (AC +1)
You have tough skin. (AC +1)
You have a pair of large horns on your head.
Your skin perfectly mimics your surroundings (Stealth+++).
You are agile. (Dex +4, Str/Int -1)
Your flesh is heat resistant. (rF+)
You are robust. (+10% HP)
You have a small jelly attached to you that may absorb projectiles.
You expend magic power (3 MP) to strengthen your wands.


Message History

The black mamba completely misses you.
You barely miss the naga warrior.
The naga warrior is lightly wounded.
You feel sick. The black mamba bites you!
* * * LOW HITPOINT WARNING * * *
The naga warrior hits you but does no damage.
The naga warrior constricts you.
* * * LOW HITPOINT WARNING * * *
The naga warrior hits you but does no damage.
You feel much better.
You feel sick. The black mamba bites you!
* * * LOW HITPOINT WARNING * * *
You block the naga warrior's attack. The naga warrior constricts you.
* * * LOW HITPOINT WARNING * * *
The black mamba bites you but does no damage.
The naga warrior hits you with a +2 halberd of freezing.
* * * LOW HITPOINT WARNING * * *
You feel much better.
You feel sick. The black mamba barely misses you.
You block the naga warrior's attack. The naga warrior constricts you.
The naga warrior roars a battlecry!
The naga warrior goes into a battle-frenzy!
Unknown command.
Unknown command.
You eviscerate the naga warrior!!!
The naga warrior is severely wounded.
You feel sick.
The black mamba bites you but does no damage.
The black mamba bites you.
* * * LOW HITPOINT WARNING * * *
Unknown command.
You mangle the naga warrior!! You headbutt the naga warrior.
You kill the naga warrior!
The naga warrior barely misses you. The naga warrior constricts you.
* * * LOW HITPOINT WARNING * * *
You block the black mamba's attack.
Unknown command.
You claw the naga warrior!
The naga warrior is lightly wounded.
You feel sick. You block the black mamba's attack.
The naga warrior hits you with a +0 glaive!!!
You die...

#.....
#.....
#.....
#.....###
#.......#
.......#
#.)N.#
#..@)#
#..S.#
#..).#
#....#
#....#
#..[.#
#....#
#....#
#....#


You could see a naga warrior (strong) and a black mamba.

Vanquished Creatures
  Jorgrun (D:12)
  A nagaraja (Snake:2)
  A reaper (IceCv)
  A fire dragon (D:13)
  Josephine (D:10)
  Fannar (D:11)
  3 vault guards (D:13)
  3 rakshasas (D:15)
  3 hydras
  3 centaur warriors
  4 catoblepae
  9 anacondas
  Erolcha (D:11)
  2 death knights
  5 two-headed ogres
  Erica (Orc:2)
  19 death yaks
  A tengu warrior (D:10)
  2 orc high priests (Orc:2)
  8 boulder beetles
  10 naga warriors
  4 shock serpents
  14 naga sharpshooters
  Nergalle (Lair:2)
  Amaemon (D:9)
  A skyshark (Lair:3)
  A salamander mystic (Snake:4)
  3 sea snakes
  7 skeletal warriors
  A death drake (shapeshifter) (D:15)
  A naga ritualist (Snake:1)
  4 orc knights
  3 wizards
  Pikel (D:8)
  2 necromancers (D:13)
  2 mana vipers
  2 deep elf pyromancers
  2 phantasmal warriors (D:13)
  A wolf spider (D:15)
  5 manticores
  6 orc sorcerers
  6 cyclopes
  8 salamanders
  2 ugly things
  5 elephants (Lair:5)
  3 guardian serpents
  30 black mambas
  2 ice statues (IceCv)
  6 naga magi
  An orange demon (D:9)
  2 torpor snails (Lair:2)
  5 cane toads
  A freezing wraith (D:13)
  11 komodo dragons
  3 rime drakes
  5 ice devils (IceCv)
  2 tengu conjurers (D:14)
  A polar bear (Lair:5)
  18 blink frogs
  6 trolls
  A hornet (D:10)
  5 dream sheep (Lair:5)
  A centaur simulacrum (D:13)
  A shadow (D:11)
  5 wraiths
  3 wyverns
  2 vampires
  16 humans
  4 basilisks
  63 yaks
  2 vampire mosquitoes (D:14)
  Eustachio (D:5)
  3 steam dragons
  Menkaure (D:7)
  2 harpy simulacra (IceCv)
  A swamp worm (shapeshifter) (D:13)
  27 nagas
  2 wargs (Orc:2)
  2 hydra simulacra (IceCv)
  Duvessa (D:4)
  11 water moccasins
  Pargi (Sewer)
  2 black bears
  6 ogres
  31 orc warriors
  19 wolves
  3 lemures (D:7)
  4 centaurs
  2 kobold brigands
  3 gnoll sergeants
  2 two-headed ogre simulacra (IceCv)
  6 bullfrogs
  2 scorpions (D:4)
  A cane toad simulacrum (IceCv)
  5 wights (D:9)
  Dowan (D:4)
  An elephant simulacrum (IceCv)
  3 killer bees (D:9)
  7 howler monkeys
  7 electric eels
  2 gnoll boudas
  13 orc priests
  A hound (D:6)
  5 jellies
  3 iguanas
  Ijyb (D:5)
  15 orc wizards
  3 polar bear simulacra (IceCv)
  A spriggan simulacrum (IceCv)
  A troll simulacrum (IceCv)
  23 gnolls
  8 adders
  3 naga simulacra (IceCv)
  2 river rats (D:3)
  3 white imps (IceCv)
  5 ufetubi
  4 worms (D:3)
  5 dart slugs
  64 orcs
  8 bats
  6 endoplasms
  2 giant cockroaches
  7 goblins
  6 hobgoblins
  3 jackals (D:3)
  14 kobolds
  3 quokkas
  9 ball pythons
  5 frilled lizards
  9 rats
753 creatures vanquished.

Vanquished Creatures (collateral kills)
  An orc warlord (Orc:1)
  A troll (Orc:1)
  A warg (Orc:1)
3 creatures vanquished.

Vanquished Creatures (others)
  A skeletal warrior (D:14)
  An orc sorcerer (Orc:2)
  Maggie (D:8)
  4 slime creatures (D:14)
  2 humans (D:13)
  An orc warrior (Orc:2)
  52 jellies
  An orc priest (Orc:2)
  3 orcs
66 creatures vanquished.

Grand Total: 822 creatures vanquished

Notes
Turn   | Place    | Note
-------+----------+-------------------------------------------
     0 | D:1      | cdecastro the Troll Fighter began the quest for the Orb.
     0 | D:1      | Reached XP level 1. HP: 22/22 MP: 0/0
   124 | D:1      | Reached XP level 2. HP: 27/29 MP: 1/1
   376 | D:1      | Reached skill level 3 in Unarmed Combat
   821 | D:2      | Reached XP level 3. HP: 36/36 MP: 2/2
   876 | D:2      | Found a shimmering blue altar of Sif Muna.
  1872 | D:3      | Reached XP level 4. HP: 45/45 MP: 3/3
  1971 | D:3      | Reached skill level 4 in Unarmed Combat
  2013 | D:3      | Found a glowing drain.
  2025 | Sewer    | Entered a sewer
  2120 | Sewer    | Noticed Pargi
  2132 | Sewer    | Killed Pargi
  2133 | Sewer    | Reached skill level 5 in Unarmed Combat
  2133 | Sewer    | Reached XP level 5. HP: 33/53 MP: 4/4
  2259 | D:3      | Found a blossoming altar of Fedhas.
  3024 | D:4      | Reached XP level 6. HP: 62/62 MP: 5/5
  3385 | D:4      | Noticed Duvessa
  3385 | D:4      | Noticed Dowan
  3456 | D:5      | Entered Level 5 of the Dungeon
  3456 | D:5      | Noticed Ijyb
  3458 | D:5      | Noticed a water moccasin
  3467 | D:5      | Killed a water moccasin
  3468 | D:5      | Reached skill level 6 in Unarmed Combat
  3470 | D:5      | Killed Ijyb
  3471 | D:5      | Reached XP level 7. HP: 23/70 MP: 6/6
  3589 | D:5      | Noticed Eustachio
  3620 | D:5      | Noticed a yak
  3820 | D:5      | Reached skill level 7 in Unarmed Combat
  3948 | D:5      | Noticed a yak
  3956 | D:5      | Noticed a yak
  3965 | D:5      | Killed a yak
  3971 | D:5      | Killed a yak
  3972 | D:5      | Reached skill level 5 in Fighting
  3972 | D:5      | Reached XP level 8. HP: 42/80 MP: 7/7
  3975 | D:5      | Reached skill level 8 in Unarmed Combat
  4365 | D:6      | Found a burning altar of Makhleb.
  4468 | D:6      | Found a staircase to the Ecumenical Temple.
  4514 | Temple   | Entered the Ecumenical Temple
  4657 | Temple   | Became a worshipper of Elyvilon the Healer
  4773 | D:6      | Reached skill level 9 in Unarmed Combat
  4876 | D:6      | Found a basalt altar of Yredelemnul.
  4877 | D:6      | Found a hazy altar of Hepliaklqana.
  5120 | D:7      | Found a glowing silver altar of Zin.
  5253 | D:7      | Reached XP level 9. HP: 45/89 MP: 8/8
  5357 | D:7      | Reached skill level 10 in Unarmed Combat
  5432 | D:7      | Noticed a +0 spear
  5432 | D:7      | Noticed a +0 dagger
  5433 | D:7      | Noticed a +0 short sword
  5433 | D:7      | Noticed a +0 dagger
  5435 | D:7      | Noticed a +0 falchion
  5435 | D:7      | Noticed a +0 short sword
  5442 | D:7      | Found a hide-covered altar of Uskayaw.
  5442 | D:7      | Noticed a +0 falchion
  5446 | D:7      | Noticed a +0 spear
  5456 | D:7      | Noticed Menkaure
  5467 | D:7      | Killed Menkaure
  5471 | D:7      | Reached * piety under Elyvilon
  5827 | D:8      | Found a snail-covered altar of Cheibriados.
  5880 | D:8      | Found a sparkling altar of Nemelex Xobeh.
  5910 | D:8      | Noticed a two-headed ogre
  6320 | D:4      | Killed Duvessa
  6321 | D:4      | Reached skill level 11 in Unarmed Combat
  6340 | D:4      | Killed Dowan
  6404 | D:5      | Killed Eustachio
  6508 | D:8      | Noticed Pikel
  6573 | D:8      | Killed Pikel
  6640 | D:8      | Reached ** piety under Elyvilon
  6741 | D:8      | Noticed Maggie
  6844 | D:9      | Reached XP level 10. HP: 102/102 MP: 9/9
  6858 | D:9      | You fall into a shaft and drop 3 floors!
  6878 | D:11     | Noticed a cyclops
  6882 | D:11     | Killed a cyclops
  6883 | D:11     | Reached skill level 12 in Unarmed Combat
  7017 | D:11     | Noticed a manticore
  7024 | D:11     | Noticed Erolcha
  7025 | D:11     | Killed a manticore
  7034 | D:11     | Killed Erolcha
  7035 | D:11     | HP: 4/106 [orc/+0 flail (6)]
  7257 | D:11     | Noticed a centaur warrior
  7285 | D:11     | HP: 2/106 [centaur warrior (11)]
  7289 | D:11     | Killed a centaur warrior
  7364 | D:10     | Entered Level 10 of the Dungeon
  7460 | D:10     | HP: 4/107 [komodo dragon (28)]
  7535 | D:10     | Noticed a two-headed ogre
  7547 | D:10     | Killed a two-headed ogre
  7548 | D:10     | Reached skill level 13 in Unarmed Combat
  7548 | D:10     | Reached XP level 11. HP: 79/117 MP: 10/10
  7552 | D:10     | Reached *** piety under Elyvilon
  7879 | D:9      | Found a staircase to the Lair.
  7939 | D:9      | Noticed Amaemon
  7970 | D:9      | Reached skill level 10 in Fighting
  8050 | D:9      | Killed Amaemon
  8248 | D:9      | Reached skill level 1 in Throwing
  8522 | D:10     | Found a staircase to the Orcish Mines.
  8590 | D:10     | Noticed a tengu warrior
  8610 | D:10     | Killed a tengu warrior
  8650 | D:10     | Found the +18 Lear's hauberk
  8855 | D:11     | Noticed Josephine
  9105 | D:11     | Reached **** piety under Elyvilon
  9213 | D:10     | Killed Josephine
  9240 | D:11     | Reached skill level 5 in Throwing
  9385 | D:11     | Noticed Fannar
  9410 | D:11     | Killed Fannar
  9411 | D:11     | Reached skill level 14 in Unarmed Combat
  9448 | D:11     | Noticed a boulder beetle
  9458 | D:11     | Killed a boulder beetle
  9524 | D:12     | Noticed a boulder beetle
  9595 | D:12     | Killed a boulder beetle
  9596 | D:12     | Reached XP level 12. HP: 128/128 MP: 11/11
  9740 | D:12     | Noticed Jorgrun
  9867 | Lair:1   | Entered Level 1 of the Lair of Beasts
 10287 | Lair:1   | Reached ***** piety under Elyvilon
 10297 | Lair:1   | Noticed a death yak
 10298 | Lair:1   | Noticed a death yak
 10299 | Lair:1   | Noticed a death yak
 10310 | Lair:1   | Noticed a death yak
 10313 | Lair:1   | Noticed a death yak
 10316 | Lair:1   | Killed a death yak
 10316 | Lair:1   | Noticed a death yak
 10330 | Lair:1   | Killed a death yak
 10334 | Lair:1   | Killed a death yak
 10339 | Lair:1   | Killed a death yak
 10346 | Lair:1   | Killed a death yak
 10359 | Lair:1   | Killed a death yak
 10403 | Lair:1   | Reached skill level 10 in Throwing
 10403 | Lair:1   | Reached skill level 15 in Unarmed Combat
 10403 | Lair:1   | Reached XP level 13. HP: 135/135 MP: 12/12
 10956 | Lair:2   | Noticed Nergalle
 10966 | Lair:2   | Killed Nergalle
 11396 | Lair:2   | Reached skill level 5 in Dodging
 11609 | Lair:2   | Reached XP level 14. HP: 144/144 MP: 13/13
 12043 | Lair:3   | Reached skill level 16 in Unarmed Combat
 12146 | Lair:3   | Found a staircase to the Shoals.
 12158 | Lair:3   | Reached skill level 5 in Shields
 12377 | Lair:3   | Found a staircase to the Snake Pit.
 12636 | Lair:3   | Found a runed translucent door.
 13114 | Lair:4   | Found a viscous altar of Jiyva.
 13114 | Lair:4   | Found a staircase to the Slime Pits.
 13720 | Lair:5   | Entered Level 5 of the Lair of Beasts
 13809 | Lair:5   | Found an ornate altar of the Wu Jian Council.
 13809 | Lair:5   | Found a hide-covered altar of Uskayaw.
 13853 | Lair:5   | Found a runed translucent gate.
 13853 | Lair:5   | Found a runed translucent gate.
 13853 | Lair:5   | Found a runed translucent gate.
 13858 | Lair:5   | Noticed sheffield53's ghost (journeyman MiBe)
 13913 | Lair:5   | Reached ****** piety under Elyvilon
 14792 | Lair:5   | Reached skill level 17 in Unarmed Combat
 15263 | Lair:4   | Fell from the grace of Elyvilon
 15263 | Lair:4   | Became a worshipper of Jiyva Jaxyus the Shapeless
 18108 | D:8      | Killed Maggie
 18401 | D:13     | Identified 2 scrolls of acquirement
 18402 | D:13     | Acquired the amulet of Acviada {Reflect rC+ SH+5}
 18411 | D:13     | Acquired the +8 gold dragon scales of Restlessness {Fly
                  | rPois rF+ rC+ Dex-4 Slay+2}
 18654 | D:13     | Reached XP level 15. HP: 129/152 MP: 14/14
 18926 | D:13     | Reached * piety under Jiyva
 19012 | D:13     | HP: 7/152 [skeletal warrior/+0 dire flail[a death knight]
                  | (16)]
 19494 | D:13     | Found a gate to the Vaults.
 19827 | D:14     | Reached ** piety under Jiyva
 19940 | D:14     | Identified the +0 leather armour "Alur" {rElec rC- rCorr
                  | Int-4}
 20232 | D:14     | Identified the +4 ring mail of the Dolphin {rElec Will+
                  | SInv}
 20282 | D:14     | Reached *** piety under Jiyva
 20439 | D:14     | Reached skill level 10 in Dodging
 20906 | D:15     | Entered Level 15 of the Dungeon
 20917 | D:15     | Gained mutation: You are agile. (Dex +4, Str/Int -1)
                  | [Jiyva's grace]
 20917 | D:15     | Gained mutation: You are very agile. (Dex +8, Str/Int -2)
                  | [Jiyva's grace]
 20917 | D:15     | Gained mutation: You are robust. (+10% HP) [Jiyva's grace]
 20917 | D:15     | Gained mutation: You are very robust. (+20% HP) [Jiyva's
                  | grace]
 20949 | D:15     | Found Xiaxt's Distillery.
 20959 | D:15     | Bought a potion of degeneration for 19 gold pieces
 20959 | D:15     | Bought a potion of berserk rage for 95 gold pieces
 20994 | D:15     | Reached skill level 1 in Armour
 21008 | D:15     | Reached **** piety under Jiyva
 21503 | Slime:1  | Entered Level 1 of the Pits of Slime
 21527 | Slime:1  | Noticed an acid blob
 21568 | Slime:1  | Noticed an azure jelly
 21579 | Slime:1  | Noticed an azure jelly
 21952 | Slime:2  | Noticed a rockslime
 21957 | Slime:2  | Noticed an acid blob
 21958 | Slime:2  | Noticed an azure jelly
 22008 | Slime:2  | Noticed an acid blob
 22121 | Slime:3  | Noticed an acid blob
 22177 | Slime:3  | Noticed an acid blob
 22177 | Slime:3  | Noticed an acid blob
 22180 | Slime:3  | Noticed an acid blob
 22234 | Slime:3  | Noticed a rockslime
 22292 | Slime:4  | Noticed a rockslime
 22409 | Slime:5  | Entered Level 5 of the Pits of Slime
 22419 | Slime:3  | Noticed an acid blob
 22420 | Slime:3  | Noticed an azure jelly
 22527 | Slime:5  | Noticed an azure jelly
 22533 | Slime:5  | Noticed an acid blob
 22547 | Slime:5  | Noticed an acid blob
 22572 | Slime:5  | Noticed an acid blob
 22589 | Slime:5  | Noticed an acid blob
 22621 | Slime:5  | Noticed an acid blob
 22640 | Slime:5  | Noticed a rockslime
 22648 | Slime:5  | Noticed an acid blob
 22689 | Slime:5  | Noticed an acid blob
 22696 | Slime:5  | Found a viscous altar of Jiyva.
 22725 | Slime:5  | Found the +8 whip "Snakebite" {venom, curare, rPois}
 22740 | Slime:5  | Noticed an acid blob
 22778 | Slime:5  | Noticed an acid blob
 22827 | Slime:5  | Noticed the Royal Jelly
 22937 | Slime:4  | Noticed a rockslime
 23266 | D:12     | Killed Jorgrun
 23342 | D:12     | Reached skill level 18 in Unarmed Combat
 23735 | D:15     | Found a staircase to the Depths.
 23994 | Orc:1    | Entered Level 1 of the Orcish Mines
 24130 | Orc:2    | Entered Level 2 of the Orcish Mines
 24147 | Orc:2    | Reached ***** piety under Jiyva
 24278 | Orc:1    | Reached skill level 5 in Armour
 24330 | Orc:2    | Reached skill level 1 in Invocations
 24342 | Orc:2    | Found Tuyfex's Antique Armour Shoppe.
 24375 | Orc:2    | Found a frozen archway.
 24385 | IceCv    | Entered an ice cave
 24720 | IceCv    | Reached XP level 16. HP: 193/193 MP: 17/17
 24818 | Orc:2    | Found a staircase to the Elven Halls.
 24885 | Orc:1    | Noticed Erica
 24885 | Orc:1    | Lost mutation: You are very agile. (Dex +8, Str/Int -2)
                  | [Jiyva's grace]
 24885 | Orc:1    | Gained mutation: Your flesh is heat resistant. (rF+)
                  | [Jiyva's grace]
 24885 | Orc:1    | Gained mutation: Your flesh is very heat resistant. (rF++)
                  | [Jiyva's grace]
 24885 | Orc:1    | Gained mutation: Your flesh is almost immune to the effects
                  | of heat. (rF+++) [Jiyva's grace]
 24885 | Orc:1    | Gained mutation: Your translucent skin slightly reduces
                  | your foes' accuracy. (Stealth+) [Jiyva's grace]
 24896 | Orc:2    | Killed Erica
 25143 | Orc:2    | Found Xuduece's Antique Weapon Shop.
 25166 | Orc:2    | Found Ywun's Book Shop.
 25247 | Orc:2    | Found Ekhinwabb's General Store.
 25355 | Orc:2    | Bought a potion of might for 56 gold pieces
 25355 | Orc:2    | Bought a potion of might for 56 gold pieces
 25566 | Orc:2    | Paralysed by an orc sorcerer for 4 turns
 25576 | Orc:2    | Paralysed by an orc sorcerer for 2 turns
 25985 | Snake:1  | Entered Level 1 of the Snake Pit
 26068 | Snake:1  | Reached skill level 5 in Invocations
 26264 | Snake:1  | Reached ****** piety under Jiyva
 26375 | Slime:5  | Identified the ring of the Hero {rC+ Str+4 Dex+5}
 26395 | Slime:5  | Got the Almanac of Transfiguration
 26436 | Slime:5  | Got a slimy rune of Zot
 26445 | Slime:5  | Got Riluit's Handbook of Translocational Conduction
 26472 | Slime:5  | Noticed an acid blob
 26823 | Snake:1  | Identified the +6 rapier "Acarinebane" {flame, *Rage rC+
                  | rN+}
 27032 | Snake:1  | You are sucked into a shaft and drop 1 floor!
 27060 | Snake:2  | Reached skill level 10 in Shields
 27067 | Snake:2  | Reached skill level 19 in Unarmed Combat
 27253 | Snake:2  | Lost mutation: Your flesh is almost immune to the effects
                  | of heat. (rF+++) [Jiyva's grace]
 27253 | Snake:2  | Lost mutation: Your flesh is very heat resistant. (rF++)
                  | [Jiyva's grace]
 27253 | Snake:2  | Lost mutation: You are very robust. (+20% HP) [Jiyva's
                  | grace]
 27253 | Snake:2  | Gained mutation: You have a small jelly attached to you
                  | that may absorb projectiles. [Jiyva's grace]
 27253 | Snake:2  | Lost mutation: Your translucent skin slightly reduces your
                  | foes' accuracy. (Stealth+) [Jiyva's grace]
 27253 | Snake:2  | Gained mutation: Your skin changes colour to match your
                  | surroundings (Stealth+). [Jiyva's grace]
 27253 | Snake:2  | Gained mutation: Your skin blends seamlessly with your
                  | surroundings (Stealth++). [Jiyva's grace]
 27253 | Snake:2  | Gained mutation: Your skin perfectly mimics your
                  | surroundings (Stealth+++). [Jiyva's grace]
 28035 | Snake:2  | Found Fekhuz's Magic Scroll Boutique.
 28041 | Snake:2  | Found Suluv's Armour Boutique.
 28047 | Snake:2  | Bought a scroll of identify for 28 gold pieces
 28640 | Snake:3  | Identified the +1 robe "Itaiwk" {rF+ MP-9 Str-5 Dex+5}
 28663 | Snake:3  | Found Xeitteiz's Gadget Gallery.
 28960 | Snake:3  | Gained mutation: You expend magic power (3 MP) to
                  | strengthen your wands. [Jiyva's grace]
 28960 | Snake:3  | Gained mutation: You have a pair of small horns on your
                  | head. [Jiyva's grace]
 28960 | Snake:3  | Gained mutation: You have a pair of horns on your head.
                  | [Jiyva's grace]
 28960 | Snake:3  | Gained mutation: You have a pair of large horns on your
                  | head. [Jiyva's grace]
 29235 | Snake:3  | Reached XP level 17. HP: 98/183 MP: 19/19
 29699 | Snake:4  | Entered Level 4 of the Snake Pit
 29875 | Snake:4  | Slain by a naga warrior

Illustrated notes

Levels and vault maps discovered:
D:1:      wander_arrival_abandoned_jail, layout_loops_cross,
          minmay_tree_intersection
D:2:      mumra_celtic_spiral_tile, layout_basic, basic_altar,
          nicolae_elevator_lobby_plus
D:3:      layout_basic, mainiacjoe_overflow_paths, lightli_sewer_entry_pipes
D:4:      layout_gridville, uniq_duvessa
D:5:      layout_basic, uniq_eustachio, uniq_ijyb
D:6:      layout_gridville, lemuel_round_altar, nicolae_overflow_squiral,
          temple_pool_b, hangedman_decor_diamond_cutter
D:7:      layout_rooms, amcnicky_altar_gilded, nicolae_uskayaw_en_pointe,
          grunt_decor_arrowhead, uniq_menkaure
D:8:      layout_cave_pools, mainiacjoe_overflow_two_lobes, moated_statue,
          uniq_pikel, uniq_maggie
D:9:      layout_basic, lair_entry_dummy, nzn_life_drinkers, uniq_amaemon
D:10:     layout_rooms, david_orc_2, hellmonk_guarded_unrand_lears
D:11:     layout_cave_pods, gauntlet_entry_generic, hangedman_corner_corridor,
          uniq_fannar, uniq_josephine, uniq_erolcha
D:12:     layout_cave_pools, uniq_jorgrun
D:13:     minmay_glassy_protrusions, layout_cave_pods, grunt_vaults_entry_tiered
D:14:     layout_basic, minmay_misc_feat_four_crosses, grunt_decor_junction,
          amethyst_killhole
D:15:     hangedman_depths_entry_try_elsewhere_first, layout_cave_pools,
          minivault_19, serial_shops, nicolae_shop_industrial_runoff,
          nicolae_burly_brawl
Temple:   compressed_dpeg_circular_temple
Lair:1:   layout_cave_pods
Lair:2:   layout_cave_pods, uniq_nergalle
Lair:3:   dreamdust_labyrinth, layout_concentric_octagons,
          elwin_shoals_entry_rocks, guppyfry_snake_entry_garden
Lair:4:   layout_regular_city, minmay_slime_entry_pillars
Lair:5:   evilmike_catoblepas_cave, layout_loops_ring,
          gammafunk_ghost_hydra_chop, nzn_masters_of_martial_movement,
          lemuel_fruit_tree
Snake:1:  layout_basic, grunt_ministairs_9
Snake:2:  nicolae_snake_shooting_gallery, layout_onion_interference,
          grunt_ministairs_14, nicolae_snake_double_loop, minmay_shop_star
Snake:3:  layout_chambers, drop_trap, nicolae_shop_gadgets
Snake:4:  johnstein_snake_rune_scales, layout_basic
Slime:1:  layout_caves, nicolae_slime_barrier
Slime:2:  layout_caves
Slime:3:  layout_caves
Slime:4:  layout_caves
Slime:5
Orc:1:    layout_caves, basic_altar, uniq_erica
Orc:2:    grunt_orc_gardens, layout_caves, grunt_orc_garden, grunt_orc_garden,
          grunt_orc_garden, grunt_orc_garden, portal_ice_cave_entry_pillars_2

Skill      XL: |  1  2  3  4  5  6  7  8  9 10 11 12 13 14 15 16 |
---------------+-------------------------------------------------+-----
Unarmed Combat | 3 5 6 7 9 11 13 14 15 17 18 19 | 19.6
Fighting       | 3 4 5 6 7 9 10 | 10.6
Throwing       | 6 10 | 10.1
Dodging        | 5 8 10 | 10.1
Shields        | 3 7 13 | 13.9
Armour         | 5 |  5.0
Invocations    | 3 5 |  5.0

Action                     |  1- 3 |  4- 6 |  7- 9 | 10-12 | 13-15 | 16-18 || total
---------------------------+-------+-------+-------+-------+-------+-------++-------
  Melee: Unarmed           |   106 |   131 |   253 |   386 |  1019 |   615 ||  2510
         Headbutt          |       |       |       |       |       |    13 ||    13
  Throw: Dart              |       |       |       |    10 |    39 |       ||    49
         Boomerang         |       |       |       |       |    23 |    23 ||    46
 Invoke: Heal Self         |       |       |       |     4 |       |       ||     4
  Evoke: Wand              |       |       |       |       |     6 |    14 ||    20
    Use: Potion            |       |     1 |       |     8 |     2 |     5 ||    16
         Scroll            |       |       |       |    13 |    13 |     5 ||    31
   Stab: Sleeping          |     2 |     3 |     1 |       |     1 |       ||     7
         Petrified         |       |       |       |       |     3 |       ||     3
         Paralysed         |       |       |       |       |     2 |       ||     2
         Distracted        |       |       |       |       |     1 |       ||     1
 Armour: Robe              |    25 |     4 |       |       |       |       ||    29
         Troll leather arm |       |    32 |    47 |    87 |    76 |       ||   242
         Gold dragon scale |       |       |       |       |   197 |   295 ||   492
  Dodge: Dodged            |    33 |    40 |    62 |   133 |   234 |   157 ||   659
  Block: Kite shield       |    45 |    49 |   154 |   225 |   554 |   586 ||  1613
         Reflection        |       |       |       |       |    21 |    81 ||   102
